AoeStats
← Sinsirella

Arena

508211186Analyzed
3v3 RM · 9d ago on Sep 21, 2026· 68m 7s· 6 players
Game mode
Random Map
Map size
Normal (6 player)
Population
200
Speed
Normal
Resources
Standard
Victory
Conquest
Starting age
Dark Age
Ending age
Imperial Age
RankedLock teamsTeams togetherTeam positionsShared explorationLock speedFull tech treeHidden civsTurbo modeCheats
Victory
Defeat
🇨🇿 Wei · Czechia
611
+13
🇬🇧 Inca · United Kingdom
458
+19
🇺🇸 Britons · United States
426
+21
🇹🇷 Khmer · Türkiye
556
-19
🇫🇷 Persians · France
535
-18
🇷🇺 Japanese · Russia
503
-16
catin
0:31 Loom
15:45 Feudal Age
16:04 Double-Bit Axe
23:26 Wheelbarrow
30:08 Castle Age
29:27 Horse Collar
30:45 Caravan
31:15 Coinage
31:15 Bow Saw
33:36 Hand Cart
33:32 Heavy Plow
34:33 Murder Holes
38:18 Ballistics
37:48 Guard Tower
38:10 Masonry
37:51 Heated Shot
38:16 Scale Barding Armor
38:11 Scale Mail Armor
38:22 Forging
42:52 Imperial Age
42:35 Elite War Elephant
43:26 Citadels
47:46 Chemistry
48:55 Guilds
49:16 Banking
51:39 Chain Barding Armor
51:35 Chain Mail Armor
51:55 Iron Casting
51:53 Architecture
xLEOx
11:47 Feudal Age
16:33 Castle Age
16:27 Horse Collar
16:35 Double-Bit Axe
21:34 Heavy Plow
21:47 Bow Saw
26:07 Wheelbarrow
27:31 Hand Cart
31:18 Imperial Age
32:33 Scale Mail Armor
32:44 Forging
33:47 Two-Man Saw
32:55 Elite Samurai
36:12 Iron Casting
35:52 Chain Mail Armor
36:05 Conscription
37:22 Capped Ram
41:17 Kataparuto
41:11 Gold Mining
41:18 Stone Mining
42:10 Plate Mail Armor
42:43 Blast Furnace
42:29 Fortified Wall
45:53 Gold Shaft Mining
68:28 Hoardings
Sinsirella
0:35 Loom
13:10 Feudal Age
14:55 Horse Collar
15:24 Double-Bit Axe
20:03 Gold Mining
20:04 Stone Mining
28:28 Castle Age
29:09 Caravan
30:00 Heavy Plow
30:14 Bow Saw
30:43 Gold Shaft Mining
30:44 Stone Shaft Mining
31:32 Wheelbarrow
35:39 Imperial Age
34:38 Town Watch
35:56 Hand Cart
35:42 Town Patrol
36:27 Husbandry
36:41 Elite Ballista Elephant
37:22 Tusk Swords
37:24 Double Crossbow
37:45 Conscription
39:32 Forging
39:28 Scale Barding Armor
39:23 Padded Archer Armor
40:53 Iron Casting
41:51 Chain Barding Armor
41:56 Leather Archer Armor
44:11 Blast Furnace
44:32 Plate Barding Armor
45:45 Ring Archer Armor
Leggy Mountbatten
0:30 Loom
10:44 Feudal Age
11:08 Horse Collar
11:20 Gold Mining
19:15 Castle Age
17:35 Double-Bit Axe
18:30 Stone Mining
18:33 Arson
20:00 Heavy Plow
21:30 Squires
23:27 Forging
23:53 Town Watch
27:04 Padded Archer Armor
27:40 Bow Saw
28:33 Town Patrol
29:10 Fletching
30:44 Gold Shaft Mining
30:32 Scale Mail Armor
29:58 Elite Skirmisher
33:39 Iron Casting
34:10 Stone Shaft Mining
33:29 Pikeman
34:15 Caravan
34:55 Bodkin Arrow
35:16 Chain Mail Armor
35:59 Leather Archer Armor
36:38 Guard Tower
36:59 Fortified Wall
36:44 Murder Holes
41:47 Imperial Age
40:25 Wheelbarrow
41:17 Andean Sling
42:26 Thumb Ring
41:42 Crossbowman
42:59 Hand Cart
43:31 Plate Mail Armor
44:23 Fabric Shields
44:47 Conscription
43:58 Sappers
44:07 Capped Ram
46:28 Ring Archer Armor
45:59 Bracer
47:00 Blast Furnace
45:54 Siege Ram
47:35 Hoardings
47:14 Champi Runner
47:26 Halberdier
51:01 Heavy Scorpion
51:21 Onager
52:52 Champi Warrior
55:19 Elite Kamayuk
56:05 Elite Champi Warrior
iSawYouOpen
14:56 Feudal Age
13:12 Loom
17:30 Double-Bit Axe
17:30 Horse Collar
21:00 Castle Age
18:49 Town Watch
21:23 Wheelbarrow
24:37 Fervor
27:25 Imperial Age
28:02 Bow Saw
27:55 Heavy Plow
29:43 Stone Mining
30:01 Gold Mining
31:14 Two-Man Saw
35:20 Hand Cart
35:09 Town Patrol
35:10 Murder Holes
35:09 Fletching
34:59 Pikeman
36:09 Masonry
35:57 Bodkin Arrow
36:04 Padded Archer Armor
36:05 Scale Mail Armor
36:19 Fortified Wall
36:13 Caravan
38:17 Conscription
37:29 Heavy Scorpion
39:04 Leather Archer Armor
39:34 Bracer
41:44 Gold Shaft Mining
41:40 Siege Engineers
42:06 Architecture
42:09 Ring Archer Armor
41:56 Chain Mail Armor
42:16 Warwolf
42:53 Hoardings
41:49 Sappers
42:53 Squires
42:39 Arson
43:17 Scale Barding Armor
43:23 Forging
43:06 Halberdier
44:34 Elite Longbowman
46:47 Yeomen
47:48 Guard Tower
47:41 Treadmill Crane
47:51 Heated Shot
50:54 Iron Casting
51:35 Ballistics
52:16 Chemistry
51:03 Arrowslits
51:54 Keep
51:53 Plate Mail Armor
51:44 Chain Barding Armor
58:35 Blast Furnace
58:11 Plate Barding Armor
57:13 Man-at-Arms
57:39 Gambesons
57:30 Onager
57:31 Capped Ram
59:28 Long Swordsman
62:32 Sanctity
62:13 Devotion
63:40 Clinker Construction
Who Is !Yuri
7:26 Loom
10:15 Feudal Age
10:40 Double-Bit Axe
10:47 Gold Mining
14:23 Scale Barding Armor
14:14 Horse Collar
15:59 Wheelbarrow
19:42 Castle Age
18:50 Forging
24:30 Gold Shaft Mining
23:48 Stone Mining
24:05 Husbandry
24:16 Bloodlines
26:53 Hand Cart
30:10 Iron Casting
32:27 Bow Saw
32:24 Heavy Plow
36:26 Imperial Age
36:31 Elite Tiger Cavalry
37:15 Tuntian
37:37 Conscription
38:01 Crop Rotation
38:11 Heavy Hei Guang Cavalry
42:08 Ming Guang Armor
43:30 Heavy Scorpion
45:32 Pikeman
46:12 Squires
47:12 Halberdier
50:08 Chemistry
49:28 Ballistics
48:59 Guard Tower
48:59 Heated Shot
48:49 Treadmill Crane
49:08 Murder Holes
49:23 Fortified Wall
49:24 Masonry
51:13 Onager
57:23 Keep
Connection lost

Rejoining the realm…

Still unreachable

The connection could not be restored.

Session expired

The server has moved on; the page needs a fresh start.